 Dungeon Crawl Stone Soup version 0.28-a0-1184-g53156a8862 (webtiles) character file.

Game seed: 11833465814514495893

126 browni3141 the Slasher (level 5, 0/41 HPs)
             Began as a Formicid Fighter on Dec 17, 2021.
             Succumbed to Ijyb's poison
             ... on level 4 of the Dungeon.
             The game lasted 00:02:58 (2108 turns).

browni3141 the Slasher (Formicid Fighter)           Turns: 2108, Time: 00:02:59

Health: 0/41       AC:  9    Str: 23    XL:     5   Next: 32%
Magic:  5/5        EV:  8    Int:  7    God:
Gold:   112        SH:  4    Dex: 10    Spells: 4/4 levels left

rFire   . . .      SeeInvis +   a - +0 long sword
rCold   . . .      Faith    .   c - +0 buckler
rNeg    . . .      Spirit   .   l - +0 chain mail
rPois   .          Reflect  .   (helmet unavailable)
rElec   .          Harm     .   (no cloak)
rCorr   .          Rampage  .   (no gloves)
Will    .....                   (no boots)
Stlth   ..........              (no amulet)
HPRegen 0.13/turn               (no ring)
MPRegen 0.09/turn               (no ring)

@: mighty, lethally poisoned (0 -> -4), invisible
A: permanent stasis, dig shafts and tunnels, antennae 3, four strong arms
a: Dig, Shaft Self


You were on level 4 of the Dungeon.
You visited 1 branch of the dungeon, and saw 4 of its levels.

You collected 112 gold pieces.

Inventory:

Hand Weapons
 a - a +0 long sword (weapon)
Missiles
 e - 106 stones (quivered)
 i - 27 bolts
Armour
 b - a +0 scale mail
 c - a +0 buckler (worn)
 l - a +0 chain mail (worn)
Scrolls
 f - 4 scrolls of identify
 g - a scroll of fog
Potions
 h - a potion of haste
 k - a potion of invisibility


   Skills:
 - Level 3.2 Fighting
 + Level 5.1 Long Blades
 - Level 3.2 Armour
 - Level 3.6 Shields


You had 4 spell levels left.
You didn't know any spells.
Your spell library contained the following spells:

 Spells                   Type           Power      Damage    Failure   Level
 Frozen Ramparts          Ice            0%         1d2       100%        3
 Gell's Gravitas          Tloc           0%         N/A       100%        3
 Lesser Beckoning         Tloc           0%         N/A       100%        3
 Teleport Other           Tloc           0%         N/A       100%        3
 Summon Ice Beast         Ice/Summ       0%         N/A       100%        4
 Summon Cactus Giant      Summ           0%         N/A       100%        6
 Malign Gateway           Summ/Tloc      0%         N/A       100%        7


Dungeon Overview and Level Annotations

Branches:
Dungeon (3/15)

Altars:

Shops:
D:1 (


Innate Abilities, Weirdness & Mutations

You cannot be hasted, slowed, berserked, paralysed or teleported.
You can dig through walls and to a lower floor.
You have a pair of large antennae on your head. (SInv)
Your four strong arms can wield two-handed weapons with a shield.


Message History

Ijyb is severely wounded.
You feel very sick.
Ijyb hits you with a +4 dagger of venom.
You are lethally poisoned!
You barely miss Ijyb.
Ijyb is severely wounded.
You feel extremely sick.
Ijyb is no longer moving slowly.
You slash Ijyb!
You kill Ijyb!
You feel very sick.
Your Long Blades skill increases to level 5!
It was a potion of haste.
Your stasis prevents you from being hasted.
* * * LOW HITPOINT WARNING * * *
You feel very sick.
It was a potion of invisibility.
You fade into invisibility!
* * * LOW HITPOINT WARNING * * *
You feel very sick.
As you read the scroll labelled LIOPOG BAEHYCS, it crumbles to dust.
It is a scroll of identify.
g - a scroll of fog
* * * LOW HITPOINT WARNING * * *
You feel sick.
Unknown command.
Are you sure you want to shaft yourself?
* * * LOW HITPOINT WARNING * * *
You feel sick.
You begin to dig a shaft.
You continue digging a shaft.
* * * LOW HITPOINT WARNING * * *
You feel sick. A shaft appears beneath you!
You fall into a shaft and drop 1 floor!
The shaft crumbles and collapses.
* * * LOW HITPOINT WARNING * * *
You feel sick.
Found a stone staircase leading down.
Unknown command.
You die...

#....
##...
.....
.Z.
...
#.#
##>#
#.@#
{
##.#
{ #.#
#.#
#.# {
{ ..#
#.#
#.#
#.#


You could see a centaur zombie (wandering).

Vanquished Creatures
  Ijyb (D:3)
  Jessica (D:3)
  An adder (D:2)
  A dart slug (D:3)
  An orc (D:3)
  9 endoplasms
  4 giant cockroaches
  4 hobgoblins
  7 kobolds
  3 quokkas
  4 ball pythons
  7 bats
  3 frilled lizards
  6 goblins
  2 rats
54 creatures vanquished.

Notes
Turn   | Place    | Note
-------+----------+-------------------------------------------
     0 | D:1      | browni3141 the Formicid Fighter began the quest for the
                  | Orb.
     0 | D:1      | Reached XP level 1. HP: 18/18 MP: 1/1
    72 | D:1      | Found Kyraceini's Antique Weapon Boutique.
   131 | D:1      | Got the Volume of the Raven
   147 | D:1      | Reached XP level 2. HP: 24/24 MP: 2/2
   496 | D:1      | Reached skill level 3 in Long Blades
   498 | D:1      | Found a faded altar of an unknown god.
   776 | D:2      | Reached XP level 3. HP: 24/29 MP: 3/3
  1436 | D:2      | Reached skill level 4 in Long Blades
  1436 | D:2      | Reached XP level 4. HP: 35/35 MP: 4/4
  1972 | D:3      | Noticed Jessica
  1980 | D:3      | Killed Jessica
  2060 | D:3      | Reached XP level 5. HP: 41/41 MP: 5/5
  2085 | D:3      | Noticed Ijyb
  2101 | D:3      | Killed Ijyb
  2102 | D:3      | Reached skill level 5 in Long Blades
  2106 | D:3      | HP: 2/41 [poisoned by Ijyb]
  2107 | D:3      | You fall into a shaft and drop 1 floor!
  2108 | D:4      | Succumbed to Ijyb's poison

Illustrated notes

Levels and vault maps discovered:
D:1:      psy_arrival_terrarium, layout_loops_cross, serial_shops,
          nicolae_shop_advertising_works [nicolae_subvault_shop_adworks],
          shapermc_ecumenical_altar_starsandcircs
D:2:      layout_rooms
D:3:      layout_basic, uniq_natasha, uniq_ijyb, uniq_jessica
D:4:      cheibrodos_fertilizer, layout_rooms, uniq_eustachio

Skill      XL: |  1  2  3  4  5 |
---------------+----------------+-----
Long Blades    | 3 4 5 |  5.1
Fighting       | |  3.2
Armour         | |  3.2
Shields        | |  3.6

Action                   |  1- 3 |  4- 6 || total
-------------------------+-------+-------++-------
Melee: Long sword        |   118 |    53 ||   171
Throw: Dart              |       |     2 ||     2
 Abil: Dig               |       |     1 ||     1
       Shaft Self        |       |     1 ||     1
  Use: Potion            |       |     3 ||     3
       Scroll            |       |     1 ||     1
Armor: Scale mail        |    70 |     6 ||    76
       Chain mail        |       |    14 ||    14
Dodge: Dodged            |    49 |    22 ||    71
Block: Buckler           |    36 |     7 ||    43

Table legend: (Time is in decaauts)
 A = Elapsed time spent in this place.
 B = Non-inter-level travel time spent in this place.
 C = Inter-level travel time spent in this place.
 D = Time resting spent in this place.
 E = Time spent auto-exploring this place.
 F = Levels seen in this place.
 G = Mean time per level.
                   A        B        C        D        E       F      G
               +--------+--------+--------+--------+--------+-----+--------+
         Total |   2144 |   2060 |     84 |     12 |   1582 |   4 |  536.0 |
       Dungeon |   2144 |   2060 |     84 |     12 |   1582 |   4 |  536.0 |
               +--------+--------+--------+--------+--------+-----+--------+

Top non-repeatable levels by time:
     D:2: 948 daAuts
     D:1: 748 daAuts
     D:3: 447 daAuts
     D:4: 0 daAuts
